 Dungeon Crawl Stone Soup version 0.29-a0-841-g116ddc6ace (webtiles) character file.

Game seed: 13547946018337083001

3315 xian the Chopper (level 10, 0/77 HPs)
             Began as a Merfolk Wanderer on July 14, 2022.
             Was an Initiate of Gozag.
             Slain by a two-headed ogre
             ... wielding a +0 giant club
              (25 damage)
             ... on level 8 of the Dungeon.
             The game lasted 00:24:15 (7846 turns).

xian the Chopper (Merfolk Wanderer)                 Turns: 7846, Time: 00:24:20

Health: 0/77       AC:  9    Str: 18    XL:     10   Next: 1%
Magic:  10/10      EV: 16    Int: 11    God:    Gozag
Gold:   289        SH:  0    Dex: 21    Spells: 9/9 levels left

rFire   . . .      SeeInvis .   n - +10 hand axe "Killer Bee's Bane" {venom, Int+2}
rCold   . . .      Faith    .   v - orb {light}
rNeg    . . .      Spirit   .   f - +0 leather armour
rPois   .          Reflect  .   (no helmet)
rElec   .          Harm     .   (no cloak)
rCorr   .          Rampage  .   h - +0 pair of gloves
Will    .....                   d - +0 pair of boots
Stlth   ++........              (no amulet)
HPRegen 0.22/turn               M - +6 ring of dexterity
MPRegen 0.12/turn               C - +4 ring of protection

@: glowing
A: (nimble swimmer 2), mertail
a: Renounce Religion, Potion Petition, Call Merchant, Bribe Branch


You were on level 8 of the Dungeon.
You worshipped Gozag.
Gozag was aware of your devotion.
You visited 2 branches of the dungeon, and saw 9 of its levels.
You also visited: Sewer.

You collected 566 gold pieces.
You spent 130 gold pieces at shops.
You paid 147 gold pieces to Gozag.

Inventory:

Hand Weapons
 n - the +10 hand axe "Killer Bee's Bane" (weapon) {venom, Int+2}
   (You found it on level 3 of the Dungeon)

   It poisons the flesh of those it strikes.
   Int:       It affects your intelligence (+2).
Missiles
 k - 14 boomerangs (quivered)
 H - 8 poisoned darts
Armour
 d - a +0 pair of boots (worn)
 f - a +0 leather armour (worn)
 h - a +0 pair of gloves (worn)
 v - an orb of light (worn)
Jewellery
 m - a ring of willpower
 w - a +6 ring of intelligence
 A - an amulet of faith
 C - a +4 ring of protection (right hand)
 F - a ring of resist corrosion
 J - a ring of poison resistance
 M - a +6 ring of dexterity (left hand)
Wands
 B - a wand of acid (8)
 L - a wand of charming (5)
 N - a wand of iceblast (8)
Scrolls
 b - 2 scrolls of fear
 c - 3 scrolls of blinking
 e - 2 scrolls of summoning
 p - 2 scrolls of teleportation
 q - a scroll of fog
 t - 2 scrolls of enchant weapon
 y - a scroll of poison
 z - a scroll of amnesia
 E - a scroll of magic mapping
 I - 2 scrolls of immolation
Potions
 a - 3 potions of resistance
 g - 3 potions of curing
 i - a potion of degeneration {unknown}
 j - a potion of flight {unknown}
 l - 2 potions of attraction
 o - 4 potions of heal wounds
 r - 2 potions of mutation
 s - 3 potions of cancellation
 u - a potion of brilliance {unknown}
 x - 2 potions of might
 D - a potion of berserk rage
 G - a potion of ambrosia {unknown}
 K - a potion of haste {unknown}


   Skills:
 + Level 6.3 Fighting
 + Level 1.0 Short Blades
 + Level 7.6(7.7) Axes
 + Level 2.6(8.0) Polearms
 + Level 2.0 Throwing
 + Level 3.2 Armour
 + Level 7.1 Dodging
 + Level 5.1 Stealth
 + Level 4.9 Unarmed Combat


You had 9 spell levels left.
You didn't know any spells.
Your spell library contained the following spells:

 Spells                   Type           Power      Damage    Failure   Level
 Apportation              Tloc           0%         N/A       38%         1
 Summon Small Mammal      Summ           0%         N/A       38%         1
 Call Canine Familiar     Summ           0%         N/A       77%         3
 Summon Guardian Golem    Hex/Summ       0%         N/A       77%         3
 Animate Armour           Summ/Erth      0%         N/A       99%         4
 Alistair's Intoxication  Tmut/Pois      0%         N/A       100%        5
 Blade Hands              Tmut           0%         N/A       100%        5
 Iron Shot                Conj/Erth      0%         9d1       100%        6


Dungeon Overview and Level Annotations

Branches:
Dungeon (8/15)             Temple (1/1) D:7           Sewer (visited)
   Lair: D:8-11

Altars:
Ashenzari
Dithmenos
Elyvilon
Fedhas
Gozag
Hepliaklqana
Kikubaaqudgha
Makhleb
Nemelex Xobeh
Okawaru
Qazlal
Sif Muna
Uskayaw
Vehumet
Wu Jian
Zin
The Shining One

Shops:
D:3 ?

Annotations:
D:5 4 runed translucent doors, Crazy Yiuf; MisterPants's ghost, weakling MiDe
D:7 3 runed translucent doors, kevlar127's ghost, novice TrBe
D:8 Erica


Innate Abilities, Weirdness & Mutations

((You are very nimble when in or above water. (Stealth+, EV+, Speed+++)))
Your lower body shifts to a powerful aquatic tail in water.


Message History

Pikel hits you with a +0 whip of electrocution.
You are electrocuted!
The wight is distracted by your dazzling golden aura.
You slash Pikel!
Pikel is severely wounded.
Pikel misses you.
You slash Pikel!
Pikel looks as sick as possible!
Pikel is almost dead.
You kill Pikel!
The wight is no longer distracted by gold.
With Pikel's spell broken, his former minions thank you for their freedom.
The lemure departs this earthly plane. x2
Your Fighting skill increases to level 6!
Your Dodging skill increases to level 7!
You have reached level 10!
You feel agile.
You slash the orc wizard!
You kill the orc wizard!
Reactivating autopickup.
The orc is distracted by your dazzling golden aura.
A wight comes into view. It is wielding a +2 vorpal scimitar.
Items here: $ )) / [[.
The orc shouts!
You hit the two-headed ogre.
The two-headed ogre is poisoned.
The two-headed ogre is lightly wounded.
You slash the two-headed ogre!
The two-headed ogre looks as sick as possible!
The two-headed ogre is moderately wounded.
The two-headed ogre barely misses you. x2
You slash the two-headed ogre!
The two-headed ogre looks as sick as possible!
The two-headed ogre is heavily wounded.
A wight comes into view. It is wielding a +3 great sword.
You slash the two-headed ogre!
The two-headed ogre looks as sick as possible!
The two-headed ogre is heavily wounded.
The orc is no longer distracted by gold.
The two-headed ogre hits you with a +0 giant club!!
You die...
Your body crumbles into a pile of gold.

..# $ ...... ... ......
$. #...# .. . ####...
.##.. #####....## ......
..#.......z5# #......
.......<..zz######...)...
..........z@O@$$$........
...........o#######....>.
................ .....
............#### ....
..#...#.....# ### #
#####....!# #.....#
#.!...#


You could see Erica (invisible), a two-headed ogre (extremely poisoned), 4
wights and an orc.

Vanquished Creatures
  Pikel (D:8)
  Grinder (D:5)
  Eustachio (D:5)
  A water moccasin (D:7)
  An ice beast (D:7)
  2 orc warriors
  An ogre (D:6)
  A lemure (D:8)
  2 phantoms
  A kobold brigand (D:7)
  3 bullfrogs
  A necrophage (D:7)
  6 scorpions
  6 killer bees (D:7)
  A howler monkey (D:4)
  2 hounds (D:6)
  A jelly (D:6)
  6 orc priests
  3 iguanas
  9 orc wizards
  3 gnolls (D:4)
  11 adders
  5 river rats
  2 white imps
  9 worms
  A dart slug (D:5)
  29 orcs
  17 ball pythons
  9 bats
  11 endoplasms
  A giant cockroach (D:1)
  4 goblins
  8 hobgoblins
  4 quokkas
  5 frilled lizards
  10 kobolds
  40 rats
219 creatures vanquished.

Vanquished Creatures (others)
  6 fungi
  2 plants (D:7)
  8 toadstools (D:1)
16 creatures vanquished.

Grand Total: 235 creatures vanquished

Notes
Turn   | Place    | Note
-------+----------+-------------------------------------------
     0 | D:1      | xian the Merfolk Wanderer began the quest for the Orb.
     0 | D:1      | xian set off with the following items: a +0 spear, a scroll
                  | of fear, a scroll of blinking, a +0 pair of boots, a scroll
                  | of summoning, a +0 leather armour.
     0 | D:1      | Reached XP level 1. HP: 13/13 MP: 1/1
    87 | D:1      | Reached XP level 2. HP: 18/19 MP: 2/2
   636 | D:1      | Found a faded altar of an unknown god.
   714 | D:1      | Reached XP level 3. HP: 24/24 MP: 3/3
  1186 | D:2      | You fall into a shaft and drop 1 floor!
  1215 | D:3      | Reached skill level 1 in Throwing
  1215 | D:3      | Reached XP level 4. HP: 14/31 MP: 4/4
  1228 | D:3      | Identified the +10 hand axe "Killer Bee's Bane" {venom,
                  | Int+2}
  1392 | D:3      | Found Arhet's Magic Scroll Shoppe.
  1406 | D:3      | Bought a scroll of identify for 20 gold pieces
  1406 | D:3      | Bought a scroll of teleportation for 30 gold pieces
  1406 | D:3      | Bought a scroll of fog for 40 gold pieces
  1517 | D:3      | Found a burning altar of Makhleb.
  1519 | D:3      | Found a blossoming altar of Fedhas.
  1634 | D:3      | Found a glowing drain.
  1637 | D:3      | Reached XP level 5. HP: 31/36 MP: 5/5
  1644 | Sewer    | Entered a sewer
  1724 | Sewer    | Reached skill level 1 in Short Blades
  1785 | Sewer    | Reached skill level 1 in Axes
  1913 | Sewer    | Reached skill level 1 in Fighting
  1982 | Sewer    | Reached XP level 6. HP: 35/43 MP: 6/6
  1985 | Sewer    | Reached skill level 5 in Dodging
  2486 | D:3      | Found an ancient bone altar of Kikubaaqudgha.
  2755 | D:3      | Found an iron altar of Okawaru.
  3336 | D:3      | Bought a scroll of amnesia for 40 gold pieces
  3379 | D:4      | Found a glowing silver altar of Zin.
  3421 | D:4      | Reached XP level 7. HP: 43/50 MP: 7/7
  3500 | D:4      | Found a glowing golden altar of the Shining One.
  3544 | D:4      | Found a radiant altar of Vehumet.
  4307 | D:5      | Entered Level 5 of the Dungeon
  4307 | D:5      | Noticed Eustachio
  4365 | D:5      | HP: 1/51 [Eustachio/+0 rapier (5)]
  4367 | D:5      | Killed Eustachio
  4368 | D:5      | Reached XP level 8. HP: 23/58 MP: 8/8
  4634 | D:5      | Noticed Grinder
  4650 | D:5      | Killed Grinder
  4811 | D:5      | Found a runed translucent gate.
  4811 | D:5      | Found a runed translucent gate.
  4812 | D:5      | Found a runed translucent gate.
  4815 | D:5      | Noticed MisterPants's ghost (weakling MiDe)
  4817 | D:5      | Identified the +1 chain mail of Risiggeu {Will+ Int+2
                  | Slay+5}
  4854 | D:5      | Reached skill level 5 in Axes
  4978 | D:5      | Found a hazy altar of Hepliaklqana.
  4979 | D:5      | Found a shadowy altar of Dithmenos.
  4979 | D:5      | Noticed a shadow
  5120 | D:5      | Found a runed translucent door.
  5121 | D:5      | Noticed Crazy Yiuf
  5770 | D:6      | Found a white marble altar of Elyvilon.
  5794 | D:6      | Reached XP level 9. HP: 57/66 MP: 9/9
  5796 | D:6      | Reached skill level 5 in Fighting
  6359 | D:7      | Reached skill level 5 in Stealth
  6533 | D:7      | Found a staircase to the Ecumenical Temple.
  6563 | Temple   | Entered the Ecumenical Temple
  6642 | Temple   | Became a worshipper of Gozag Ym Sagoz the Greedy
  6792 | D:7      | Found a stormy altar of Qazlal.
  7024 | D:7      | Found a runed translucent gate.
  7024 | D:7      | Found a runed translucent gate.
  7024 | D:7      | Found a runed translucent gate.
  7028 | D:7      | Noticed kevlar127's ghost (novice TrBe)
  7817 | D:8      | Noticed Erica
  7832 | D:8      | Noticed Pikel
  7837 | D:8      | Noticed a two-headed ogre
  7840 | D:8      | Killed Pikel
  7841 | D:8      | Reached XP level 10. HP: 23/77 MP: 10/10
  7846 | D:8      | Slain by a two-headed ogre

Illustrated notes

Levels and vault maps discovered:
D:1:      ldierk_walled_garden_2, layout_rooms,
          shapermc_ecumenical_altar_hornbeckon, minmay_gold_behind_fungi
D:2:      layout_basic, small_statue_intersection
D:3:      layout_loops_corners, mainiacjoe_overflow_concentric_impassable,
          nicolae_overflow_hidden_temple, lightli_sewer_entry_pipes,
          serial_shops, nicolae_shop_advertising_works
          [nicolae_subvault_shop_adworks], nicolae_wormholes
D:4:      layout_loops_ring, tso_metal_star, amcnicky_altar_gilded,
          mainiacjoe_overflow_chevrons, lemuel_old_faithful
D:5:      layout_cave_pools, riverfiend_overflow_shadow_ancestor,
          biasface_ghost_orc_armoury, uniq_grinder, uniq_eustachio,
          uniq_crazy_yiuf_cottage
D:6:      layout_loops_ring, mainiacjoe_overflow_brackets
D:7:      layout_cave_pools, mainiacjoe_overflow_small_starburst,
          minmay_temple_entry_drinking_statues, gammafunk_ghost_nasty_kobolds,
          grunt_ministairs_11
D:8:      layout_rooms, uniq_pikel, uniq_erica
Temple:   hellmonk_temple_flake

Skill      XL: |  1  2  3  4  5  6  7  8  9 |
---------------+----------------------------+-----
Polearms       | 2 |  2.6
Throwing       | 1 2 |  2.0
Stealth        | 2 3 4 5 |  5.1
Short Blades   | 1 |  1.0
Axes           | 2 3 4 5 7 |  7.6
Fighting       | 1 2 3 4 6 |  6.3
Dodging        | 5 7 |  7.1
Armour         | 2 3 |  3.2
Unarmed Combat | |  4.9

Action                   |  1- 3 |  4- 6 |  7- 9 | 10-12 || total
-------------------------+-------+-------+-------+-------++-------
Melee: Spear             |    76 |       |       |       ||    76
       Punch             |     1 |     2 |       |       ||     3
       Short sword       |    18 |     9 |       |       ||    27
       Hand axe          |       |   115 |   209 |     5 ||   329
       Tailslap          |       |     4 |       |       ||     4
Throw: Boomerang         |    31 |     1 |     1 |       ||    33
  Use: Scroll            |     6 |     5 |     5 |       ||    16
       Potion            |       |       |     1 |       ||     1
 Stab: Sleeping          |     3 |     8 |     1 |       ||    12
       Distracted        |     1 |       |       |       ||     1
Armor: Leather armour    |    25 |    19 |    30 |       ||    74
Dodge: Dodged            |    79 |    95 |   118 |     2 ||   294

Table legend: (Time is in decaauts)
 A = Elapsed time spent in this place.
 B = Non-inter-level travel time spent in this place.
 C = Inter-level travel time spent in this place.
 D = Time resting spent in this place.
 E = Time spent auto-exploring this place.
 F = Levels seen in this place.
 G = Mean time per level.
                   A        B        C        D        E       F      G
               +--------+--------+--------+--------+--------+-----+--------+
         Total |   7796 |   7587 |    209 |      0 |   5543 |  10 |  779.6 |
       Dungeon |   7360 |   7151 |    209 |      0 |   5324 |   8 |  920.0 |
        Temple |     88 |     88 |      0 |      0 |     52 |   1 |   88.0 |
         Sewer |    347 |    347 |      0 |      0 |    167 |   1 |  347.0 |
               +--------+--------+--------+--------+--------+-----+--------+

Top non-repeatable levels by time:
     D:7: 1372 daAuts
     D:3: 1321 daAuts
     D:6: 1138 daAuts
     D:1: 1004 daAuts
     D:4: 968 daAuts
     D:5: 872 daAuts
     D:2: 639 daAuts
   Sewer: 347 daAuts
  Temple: 88 daAuts
     D:8: 41 daAuts
